Map: Crimson Research Lab LE

Players

BraveMan

  • Race: Terran Terran
  • Spawn Location: 5:00

BryanRevilla

  • Race: Protoss Protoss
  • Spawn Location: 5:00

David

  • Race: Terran Terran
  • Spawn Location: 11:00

KnOoB

  • Race: Protoss Protoss
  • League: Silver
  • Spawn Location: 11:00

VOD

Have the link to the VOD?

Description

Time

  • Played on: April 11, 2025, 8:57 a.m.
  • Length: 2:40
Show
View Real Time Build Order
Export as new Build Order

BraveMan Terran 

Build Orders: Command Center First 

Get SALT Encoding   

  12  0:02  SCV  
  13  0:15  SCV  
  14  0:27  SCV  
  15  0:36  Supply Depot  
  15  0:58  SCV  
  16  1:06  Command Center  
  16  1:18  Barracks  
  16  1:20  SCV  
  17  1:28  Refinery  
  17  1:32  Refinery  
  17  1:33  SCV  
  18  1:47  SCV  
  19  2:02  SCV  
  19  2:06  Marine  
  21  2:20  SCV  
  21  2:21  SCV  
  21  2:22  Bunker  
Show
View Real Time Build Order
Export as new Build Order

BryanRevilla Protoss 

Build Orders:  

Get SALT Encoding   

  12  0:45  Probe  
  13  0:51  Pylon  
  13  0:57  Probe  
  13  1:01  Assimilator  
  14  1:09  Probe  
  15  1:21  Probe  
  15  1:25  Gateway  
  16  1:34  Probe  
  17  1:41  Nexus  
  17  1:45  Pylon  
  17  1:57  Assimilator  
  17  2:14  Cybernetics Core  
  17  2:22  Probe  
Show
View Real Time Build Order
Export as new Build Order

David Terran 

Build Orders:  

Get SALT Encoding   

  12  0:01  SCV  
  13  0:13  SCV  
  14  0:19  Supply Depot  
  14  0:29  Refinery  
  14  0:43  Barracks  
  14  0:46  SCV  
  15  0:58  SCV  
  16  1:11  SCV  
  17  1:31  Orbital Command  
  17  1:32  Barracks Reactor  
  17  1:46  Command Center  
  17  2:00  Engineering Bay  
  17  2:09  Marine x2  
  19  2:19  SCV  
Show
View Real Time Build Order
Export as new Build Order

KnOoB Protoss 

Build Orders:  

Get SALT Encoding   

  12  0:22  Probe, Pylon  
  13  0:30  Probe  
  14  0:39  Probe  
  15  0:47  Gateway  
  15  0:52  Probe  
  15  0:54  Assimilator  
  16  0:59  Pylon  
  16  1:04  Probe  
  17  1:11  Forge  
  17  1:16  Assimilator  
  17  1:19  Probe  
  18  1:31  Probe  
  19  1:37  Cybernetics Core  
  19  1:43  Probe  
  20  1:47  Photon Cannon  
  20  2:05  Pylon  
  20  2:06  Probe  
  21  2:16  Photon Cannon  
  21  2:18  Probe  
  23  2:37  Stargate  
Tags
 
Add a new tag
Caveats
  • Supply blocks, unpowered buildings, or Contaminate may cause inaccurate times.
  • Supply counts are checked every 10 seconds.